 Seeded DCSS version 0.30-a0-862-g1aabd4f9c5 (webtiles) character file.

Game seed: 16579290536440911417 (custom seed)

5125 Hubris850 the Protected (level 10, -21/92 HPs)
             Began as a Troll Berserker on Mar 8, 2023.
             Was an Elder of Trog.
             Demolished by an enormous slime creature (68 damage)
             ... on level 10 of the Dungeon.
             The game lasted 00:15:25 (7157 turns).

Hubris850 the Protected (Troll Berserker)           Turns: 7157, Time: 00:15:26

Health: -21/92     AC: 22    Str: 29    XL:     10   Next: 32%
Magic:  9/9        EV:  4    Int:  3    God:    Trog [****..]
Gold:   563        SH:  5    Dex: 11    Spells: 9/9 levels left

rFire   + . .      SeeInvis .      - Unarmed
rCold   + . .      Faith    .    (no shield)
rNeg    . . .      Spirit   .    u - +1 gold dragon scales
rPois   +          Reflect  +    (helmet restricted)
rElec   .          Rampage  .    i - +0 cloak
rCorr   .                        (gloves unavailable)
Will    +....                    (boots unavailable) Stlth
                                 R - amulet of reflection
HPRegen 1.15/turn                B - ring of willpower
MPRegen 0.11/turn                E - +4 ring of slaying

@: no status effects
A: large, unfitting armour, claws 3, regeneration 1, shaggy fur 1, tough skin 1
a: Renounce Religion, Berserk, Trog's Hand, Brothers in Arms


You were on level 10 of the Dungeon.
You worshipped Trog.
Trog was greatly pleased with you.
You visited 1 branch of the dungeon, and saw 10 of its levels.

You collected 623 gold pieces.
You spent 60 gold pieces at shops.

Inventory:

Hand Weapons
 A - the +8 short sword "Cyulaecs" {drain, rElec}
   (You found it on level 5 of the Dungeon)

   rElec:     It insulates you from electricity.
 S - a +0 giant spiked club of freezing
 U - a +0 battleaxe
Missiles
 g - 21 poisoned darts (quivered)
 K - a throwing net
 N - 2 boomerangs
Armour
 a - a +0 animal skin
 i - a +0 cloak (worn)
 n - the +1 robe of the Mind {rC+}
   (You found it on level 2 of the Dungeon)

   rC:        It protects you from cold.
 o - a +2 robe of willpower
 s - a +0 buckler
 u - +1 gold dragon scales (worn)
 H - +0 ice dragon scales
 V - the +2 robe of the Undertaker {-Tele rPois rC+ Will++}
   (You found it on level 9 of the Dungeon)

   rC:        It protects you from cold.
   rPois:     It protects you from poison.
   -Tele:     It prevents most forms of teleportation.
   Will:      It greatly increases your willpower.
Jewellery
 B - a ring of willpower (left claw)
 D - a +6 ring of dexterity
 E - a +4 ring of slaying (right claw)
 R - an amulet of reflection (around neck)
 W - a ring of poison resistance
Wands
 v - a wand of digging (4)
 x - a wand of paralysis (30)
 F - a wand of quicksilver (3)
 I - a wand of mindburst (21)
 L - a wand of flame (3)
 M - a wand of roots (10)
 X - a wand of polymorph (4)
Scrolls
 c - 3 scrolls of teleportation {unknown}
 f - a scroll of vulnerability
 j - a scroll of fog
 l - a scroll of poison
 m - a scroll of brand weapon
 p - a scroll of magic mapping
 r - a scroll of enchant weapon {unknown}
 t - a scroll of immolation {unknown}
 w - 3 scrolls of amnesia {unknown}
 y - 2 scrolls of noise
 G - a scroll of summoning {unknown}
 J - a scroll of fear {unknown}
 O - a scroll of acquirement {unknown}
 Q - a scroll of identify
 T - a scroll of silence {unknown}
Potions
 b - 2 potions of berserk rage {unknown}
 d - a potion of lignification
 e - 4 potions of brilliance {unknown}
 h - 3 potions of attraction {unknown}
 k - 4 potions of curing {unknown}
 q - 2 potions of flight
 z - 5 potions of heal wounds {unknown}
 C - 2 potions of haste {unknown}
 P - a potion of mutation {unknown}


   Skills:
 - Level 4.0 Fighting
 + Level 10.9 Armour
 - Level 2.4 Dodging
 - Level 8.0 Unarmed Combat


You had 9 spell levels left.
You didn't know any spells.
Your spell library was empty.

Dungeon Overview and Level Annotations

Branches:
Dungeon (10/15)            Temple (0/1) D:7             Orc (0/2) D:9
   Lair: D:8-11

Altars:
Fedhas
Kikubaaqudgha
Sif Muna
Zin

Shops:
D:3 [   D:4 ?

Portals:
Abyss: D:3

Annotations:
D:5 2 transporters


Innate Abilities, Weirdness & Mutations

You are too large for most types of armour.
You have claws for hands.
Your natural rate of healing is unusually fast.
You are covered in fur. (AC +1)
You have tough skin. (AC +1)


Message History

The centaur is heavily wounded.
The centaur hits you but does no damage.
The centaur kicks you but does no damage.
You closely miss the centaur.
The centaur is heavily wounded.
The centaur hits you but does no damage.
You block the centaur's attack.
A slime creature comes into view.
The centaur barely misses you.
The centaur kicks you but does no damage.
You mangle the centaur!!
You kill the centaur!
Trog accepts your kill.
Two slime creatures merge to form a large slime creature.
You claw the large slime creature!
The large slime creature is lightly wounded.
The slime creature jiggles.
Two slime creatures merge to form a large slime creature.
You mangle the large slime creature!!
The large slime creature is moderately wounded.
The large slime creature hits you!
You scratch the large slime creature.
The large slime creature is moderately wounded.
The large slime creature hits you but does no damage.
You barely miss the large slime creature.
The large slime creature is moderately wounded.
The large slime creature hits you!
You claw the large slime creature!
The large slime creature is heavily wounded.
You scratch the large slime creature.
The large slime creature is heavily wounded.
The large slime creature hits you!!
Two slime creatures merge to form an enormous slime creature.
You mangle the enormous slime creature!!
The enormous slime creature is moderately wounded.
You mangle the enormous slime creature!!
The enormous slime creature is heavily wounded.
The enormous slime creature hits you!!!
Ouch! That really hurt!
You die...

##... #... #...
#... #..#
..####..###.#..
........).....#
#J# #####@####
#........#
#.#.#.####
#.#[.# #.<###
#..# .....
#......
######.#


You could see an enormous slime creature.

Vanquished Creatures
  A two-headed ogre (D:8)
  A troll (D:9)
  2 wyverns
  3 yaks (D:9)
  A water moccasin (D:4)
  A black bear (D:4)
  4 orc warriors
  An ice beast (D:8)
  A sky beast (D:7)
  An ogre (D:5)
  The ghost of Juicyj the Conjurer, an amateur DrCj (D:3)
  3 centaurs
  2 phantoms
  4 scorpions
  A bullfrog (D:7)
  8 wights (D:7)
  10 killer bees (D:9)
  2 electric eels (D:9)
  A howler monkey (D:4)
  3 jellies
  A quasit (D:3)
  A hound (D:3)
  5 orc priests
  Jessica (D:2)
  6 iguanas
  7 orc wizards
  8 gnolls
  9 adders
  A shadow imp (D:3)
  4 ufetubi
  8 worms
  A dart slug (D:5)
  42 orcs
  3 ball pythons
  8 endoplasms
  3 giant cockroaches
  8 goblins
  8 hobgoblins
  5 jackals
  3 quokkas
  10 bats
  5 frilled lizards
  10 kobolds
  5 rats
213 creatures vanquished.

Notes
Turn   | Place    | Note
-------+----------+-------------------------------------------
     0 | D:1      | Hubris850 the Troll Berserker began the quest for the Orb.
     0 | D:1      | Reached XP level 1. HP: 22/22 MP: 0/0
    53 | D:1      | Reached XP level 2. HP: 29/29 MP: 1/1
   244 | D:1      | Reached skill level 1 in Armour
   362 | D:1      | Reached XP level 3. HP: 36/36 MP: 2/2
   794 | D:2      | Reached ** piety under Trog
   834 | D:2      | Identified the +1 robe of the Mind {rC+}
  1144 | D:2      | Noticed Jessica
  1148 | D:2      | Killed Jessica
  1149 | D:2      | Reached XP level 4. HP: 45/45 MP: 3/3
  1578 | D:3      | Found a transporter.
  1581 | D:3      | Found a one-way gate to the infinite horrors of the Abyss.
  1581 | D:3      | Noticed Juicyj's ghost (amateur DrCj)
  1594 | D:3      | Reached skill level 2 in Armour
  1598 | D:3      | Reached XP level 5. HP: 45/53 MP: 4/4
  1711 | D:3      | Found a glowing silver altar of Zin.
  1721 | D:3      | Found a shimmering blue altar of Sif Muna.
  1731 | D:3      | Found a blossoming altar of Fedhas.
  2008 | D:3      | Reached *** piety under Trog
  2040 | D:3      | Found Qeleb's Antique Armour Shoppe.
  2148 | D:3      | Found a transporter.
  2509 | D:3      | Killed Juicyj's ghost
  2510 | D:3      | Reached XP level 6. HP: 60/62 MP: 5/5
  2747 | D:4      | Reached skill level 3 in Armour
  2773 | D:4      | Reached skill level 5 in Unarmed Combat
  2861 | D:4      | Noticed a water moccasin
  2867 | D:4      | Killed a water moccasin
  2868 | D:4      | Reached XP level 7. HP: 55/70 MP: 6/6
  2958 | D:4      | Found Elluy's Magic Scroll Boutique.
  2976 | D:4      | Bought a scroll of noise for 12 gold pieces
  2976 | D:4      | Bought a scroll of identify for 24 gold pieces
  2976 | D:4      | Bought a scroll of identify for 24 gold pieces
  3006 | D:4      | Reached skill level 4 in Armour
  3397 | D:5      | Entered Level 5 of the Dungeon
  3413 | D:5      | Identified the +8 short sword "Cyulaecs" {drain, rElec}
  3420 | D:5      | Noticed a kobold demonologist
  3424 | D:5      | Found a transporter.
  3456 | D:5      | Found a transporter.
  3512 | D:5      | Reached **** piety under Trog
  3560 | D:5      | Reached XP level 8. HP: 75/78 MP: 7/7
  3712 | D:5      | Reached skill level 5 in Armour
  4474 | D:7      | Reached skill level 6 in Armour
  4525 | D:7      | Found a staircase to the Ecumenical Temple.
  4599 | D:7      | Reached XP level 9. HP: 84/84 MP: 8/8
  4601 | D:7      | Reached skill level 7 in Armour
  4831 | D:7      | Found an ancient bone altar of Kikubaaqudgha.
  5504 | D:8      | Noticed a two-headed ogre
  5512 | D:8      | Killed a two-headed ogre
  5513 | D:8      | Reached skill level 8 in Armour
  5919 | D:8      | Reached skill level 9 in Armour
  6403 | D:9      | Found a staircase to the Orcish Mines.
  6416 | D:9      | Reached XP level 10. HP: 85/92 MP: 9/9
  6418 | D:9      | Reached skill level 10 in Armour
  6430 | D:9      | Identified the +2 robe of the Undertaker {-Tele rPois rC+
                  | Will++}
  7139 | D:10     | Entered Level 10 of the Dungeon
  7157 | D:10     | Demolished by an enormous slime creature

Illustrated notes

Levels and vault maps discovered:
D:1:      dpeg_arrival_rooms_c, layout_loops_ring, minmay_misc_feat_iff
D:2:      minmay_chambers_of_ones, layout_loops_ring, uniq_jessica
D:3:      layout_loops_ring, minmay_overflow_temple_star_quad, serial_shops,
          nicolae_shop_behind_doors, gammafunk_ghost_abyssal_escape,
          serial_park_tiny_2
D:4:      layout_gridville, serial_shops, shop, nicolae_wormholes
D:5:      gammafunk_wand_slinger, layout_rooms, serial_bayou_pond_d
D:6:      nicolae_cairo_tiling_large, layout_basic,
          minmay_fractal_squares_diagonal_5
D:7:      layout_basic, nicolae_kikubaaqudgha_miasma_corner,
          minmay_temple_entry_overgrown
D:8:      layout_basic
D:9:      layout_loops_corners, orc_david_3, minivault_14
D:10:     layout_loops_cross, kennysheep_little_box, hellmonk_lair_entry_icy,
          special_room [special_room_orc], uniq_harold, uniq_fannar

Skill      XL: |  1  2  3  4  5  6  7  8  9 10 |
---------------+-------------------------------+-----
Armour         | 1 2 3 4 6 9 10 | 10.9
Fighting       | 3 4 |  4.0
Unarmed Combat | 4 5 6 8 |  8.0
Dodging        | |  2.4

Action                     |  1- 3 |  4- 6 |  7- 9 | 10-12 || total
---------------------------+-------+-------+-------+-------++-------
  Melee: Unarmed           |   105 |   163 |   279 |    74 ||   621
         Punch             |     1 |     4 |    14 |     2 ||    21
  Throw: Dart              |       |     2 |     4 |       ||     6
 Invoke: Berserk           |       |     1 |     2 |       ||     3
  Evoke: Wand              |       |     2 |       |       ||     2
    Use: Scroll            |       |       |    10 |       ||    10
   Stab: Sleeping          |     1 |       |       |       ||     1
         Paralysed         |       |     1 |       |       ||     1
 Armour: Animal skin       |    39 |     1 |       |       ||    40
         Robe              |       |    54 |       |       ||    54
         Gold dragon scale |       |    63 |   178 |    43 ||   284
  Dodge: Dodged            |    47 |    71 |    60 |    13 ||   191
  Block: Other             |       |       |    15 |     9 ||    24
         Reflection        |       |       |     1 |       ||     1

Table legend: (Time is in decaauts)
 A = Elapsed time spent in this place.
 B = Non-inter-level travel time spent in this place.
 C = Inter-level travel time spent in this place.
 D = Time resting spent in this place.
 E = Time spent auto-exploring this place.
 F = Levels seen in this place.
 G = Mean time per level.
                   A        B        C        D        E       F      G
               +--------+--------+--------+--------+--------+-----+--------+
         Total |   7113 |   6746 |    367 |    130 |   5073 |  10 |  711.3 |
       Dungeon |   7113 |   6746 |    367 |    130 |   5073 |  10 |  711.3 |
               +--------+--------+--------+--------+--------+-----+--------+

Top non-repeatable levels by time:
     D:9: 1091 daAuts
     D:3: 1017 daAuts
     D:2: 881 daAuts
     D:7: 864 daAuts
     D:4: 830 daAuts
     D:8: 724 daAuts
     D:1: 646 daAuts
     D:6: 633 daAuts
     D:5: 407 daAuts
    D:10: 16 daAuts
